 Dungeon Crawl Stone Soup version 0.18-a0-1677-g2bdad6c (webtiles) character file.

137 namelastname112 the Cudgeler (level 5, -6/46 HPs)
             Began as a Draconian Berserker on Apr 3, 2016.
             Was a Believer of Trog.
             Mangled by a centaur zombie (8 damage)
             ... on level 3 of the Dungeon.
             The game lasted 00:01:33 (1613 turns).

namelastname112 the Cudgeler (Draconian Berserker)  Turns: 1613, Time: 00:01:34

Health: -6/46      AC:  5    Str: 19    XL:     5   Next: 0%
Magic:  5/5        EV: 13    Int:  8    God:    Trog [**....]
Gold:   108        SH:  0    Dex: 11    Spells: 0 memorised, 4 levels left

rFire  . . .     SeeInvis .     a - +0 mace
rCold  . . .     Gourm    .     (armour unavailable)
rNeg   . . .     Faith    .     (no shield)
rPois  .         Spirit   .     (helmet restricted)
rElec  .         Dismiss  .     (no cloak)
rCorr  .         Reflect  .     (no gloves)
SustAt .         Harm     .     (no boots)
MR     .....     Rnd*Tele +     (no amulet)
Stlth  ..........               s - ring of teleportation (curse)
                                k - ring of loudness (curse)

@: slowed, very slow, not resistant to hostile enchantments, extremely
unstealthy
A: unfitting armour, cold-blooded, AC +5
a: Berserk, Trog's Hand, Burn Spellbooks, Renounce Religion


You were on level 3 of the Dungeon.
You worshipped Trog.
Trog was pleased with you.
You were not hungry.

You visited 1 branch of the dungeon, and saw 3 of its levels.

You collected 108 gold pieces.

Inventory:

Hand Weapons
 a - a +0 mace (weapon)
Jewellery
 k - a cursed ring of loudness (left hand)
 s - a cursed ring of teleportation (right hand)
 u - a cursed -2 ring of intelligence {unknown}
Scrolls
 c - a scroll of random uselessness {unknown}
 d - 3 scrolls of identify {unknown}
 e - 4 scrolls of remove curse {unknown}
 h - a scroll of amnesia {unknown}
 l - a scroll of teleportation {unknown}
 o - a scroll of enchant armour {unknown}
 t - a scroll of enchant weapon {unknown}
Potions
 g - a potion of heal wounds {unknown}
 i - a potion of flight {unknown}
 j - a potion of invisibility {unknown}
 m - a potion of curing {unknown}
 n - a potion of berserk rage {unknown}
 r - 2 potions of brilliance {unknown}
Comestibles
 b - 2 bread rations
 f - a beef jerky
 p - a meat ration
 q - a slice of pizza


   Skills:
 + Level 4.1 Fighting
 * Level 4.6 Maces & Flails
 + Level 3.3 Dodging


You had 4 spell levels left.
You didn't know any spells.

Dungeon Overview and Level Annotations

Branches:
Dungeon (3/15)

Altars:
Zin


Innate Abilities, Weirdness & Mutations

Your plain brown scales are hard (AC +5).
Your body does not fit into most forms of armour.
You are cold-blooded and may be slowed by cold attacks.


Message History

The gnoll freezes you.
You feel yourself slow down. The worker ant zombie misses you.
The gnoll hits you but does no damage. The kobold hits you but does no damage.
The gnoll closely misses you.
You hit the centaur zombie. The centaur zombie barely misses you.
The gnoll hits you from afar with a spear of freezing.
The gnoll freezes you.
* * * LOW HITPOINT WARNING * * *
You feel as though you will be slow longer.
The worker ant zombie bites you but does no damage.
The kobold hits you but does no damage. The centaur zombie hits you.
* * * LOW HITPOINT WARNING * * *
The gnoll hits you with a club.
* * * LOW HITPOINT WARNING * * *
The gnoll hits you with a whip.
* * * LOW HITPOINT WARNING * * *
The gnoll barely misses you. The worker ant zombie bites you.
* * * LOW HITPOINT WARNING * * *
The gnoll misses you. The kobold hits you but does no damage.
The centaur zombie hits you!
You die...

#...........#
#........8..
#..........
#...........########
#........ #.#.......
##.......###........
.....gZKZ..........##
....ZZg@##.........<#
...####g##..........#
#....##..........#
#.#..##........†##
#.#..##.<.......#
#.#..##.........#
#.#.............#
#.#.####........#
#.#.# #........#


You could see 3 gnolls, a quokka zombie, 2 worker ant zombies, a centaur zombie
and a kobold.

Vanquished Creatures
  Natasha (thrice) (D:2)
  A gnoll (D:1)
  An adder (D:2)
  2 oozes
  A dart slug (D:1)
  A giant gecko (D:2)
  A giant cockroach (D:1)
  A goblin (D:2)
  4 hobgoblins
  4 jackals (D:1)
  3 kobolds
  A ball python (D:1)
  6 bats
  3 giant newts
  4 rats (D:1)
36 creatures vanquished.

Notes
Turn   | Place    | Note
--------------------------------------------------------------
     0 | D:1      | namelastname112 the Draconian Berserker began the quest for the Orb.
     0 | D:1      | Reached XP level 1. HP: 19/19 MP: 1/1
    55 | D:1      | Reached XP level 2. HP: 9/26 MP: 2/2
   493 | D:1      | Reached XP level 3. HP: 22/33 MP: 3/3
   863 | D:2      | Noticed Natasha
   874 | D:2      | Killed Natasha
   874 | D:2      | Reached XP level 4. HP: 24/40 MP: 4/4
  1067 | D:2      | Noticed Natasha
  1074 | D:2      | Killed Natasha
  1078 | D:2      | Reached ** piety under Trog
  1090 | D:2      | Noticed Natasha
  1099 | D:2      | Killed Natasha
  1392 | D:2      | Found a glowing silver altar of Zin.
  1582 | D:3      | Reached XP level 5. HP: 46/46 MP: 5/5
  1613 | D:3      | HP: 2/46 [worker ant zombie (4)]
  1613 | D:3      | Mangled by a centaur zombie

Vault maps used:
D:1:      scummos_arrival_checkerplants, minmay_misc_feat_columns
D:2:      nicolae_overflow_crystal_walls, minmay_misc_feat_enclosed,
          uniq_natasha
D:3:      overflow_temple_1_default, xom_teletrap_fun, serial_undead,
          serial_undead_a, serial_undead_d, serial_undead_e, serial_undead_c,
          serial_undead_d, serial_undead_d, serial_undead_a

Skill      XL: |  1  2  3  4 |
---------------+-------------+-----
Maces & Flails | 4 |  4.6
Dodging        | 3 |  3.3
Fighting       | 4 |  4.1

Action                   |  1- 3 |  4- 6 || total
-------------------------+-------+-------++-------
Melee: Mace              |    77 |    44 ||   121
Invok: Berserk           |     1 |       ||     1
  Eat: Chunk             |     1 |     2 ||     3
